 Seeded DCSS version 0.27.1-3-gb3d3a73c9e (webtiles) character file.

Game seed: 20211022 (custom seed)

11 jessy the Skirmisher (level 2, 0/19 HPs)
             Began as a Tengu Berserker on Oct 22, 2021.
             Was a Follower of Trog.
             Frozen to death by an endoplasm (3 damage)
             ... on level 1 of the Dungeon.
             The game lasted 00:00:30 (60 turns).

jessy the Skirmisher (Tengu Berserker)                Turns: 60, Time: 00:00:30

Health: 0/19       AC:  2    Str: 17    XL:     2   Next: 25%
Magic:  3/3        EV: 12    Int:  7    God:    Trog [*.....]
Gold:   8          SH:  0    Dex: 13    Spells: 1/1 levels left

rFire    . . .     SeeInvis .   a - +0 hand axe
rCold    . . .     Faith    .   (no shield)
rNeg     . . .     Spirit   .   b - +0 animal skin
rPois    .         Reflect  .   (helmet restricted)
rElec    .         Harm     .   (no cloak)
rCorr    .         Rampage  .   (no gloves)
Will     .....                  (boots unavailable)
Stlth    +.........             (no amulet)
HPRegen  0.06/turn              (no ring)
MPRegen  0.08/turn              (no ring)

@: no status effects
A: beak, talons 3
a: Renounce Religion, Berserk


You were on level 1 of the Dungeon.
You worshipped Trog.
Trog was aware of your devotion.
You visited 1 branch of the dungeon, and saw 1 of its levels.

You collected 8 gold pieces.

Inventory:

Hand Weapons
 a - a +0 hand axe (weapon)
Armour
 b - a +0 animal skin (worn)


   Skills:
 + Level 3.5 Fighting
 + Level 3.4 Axes
 + Level 2.1 Armour
 + Level 2.2 Dodging


You had one spell level left.
You didn't know any spells.
Your spell library was empty.

Dungeon Overview and Level Annotations

Branches:
Dungeon (1/15)

Altars:


Innate Abilities, Weirdness & Mutations

You have a beak for a mouth.
You have claws for feet.


Message History

The bat barely misses you.
You have reached level 2!
You closely miss the kobold. You claw the kobold.
You kill the kobold!
Trog accepts your kill. The bat hits you but does no damage.
The bat barely misses you.
You closely miss the bat. Your peck misses the bat. The bat hits you.
* * * LOW HITPOINT WARNING * * *
You closely miss the quokka. Your kick misses the quokka.
You barely miss the bat. The bat hits you but does no damage.
The bat closely misses you. The quokka barely misses you.
You hit the quokka. Your kick misses the quokka.
The quokka is severely wounded.
You hit the bat but do no damage. The bat misses you.
The quokka barely misses you.
You slash the quokka!
You kill the quokka!
Trog accepts your kill. The bat hits you but does no damage.
You barely miss the kobold. You claw the kobold. You peck the kobold.
You kill the kobold!
Trog accepts your kill. The bat hits you but does no damage.
The bat closely misses you.
You barely miss the bat. Your kick misses the bat.
The bat hits you but does no damage. The bat misses you.
The bat closely misses you.
An endoplasm comes into view.
Items here: ( )) ††††.
The bat closely misses you.
You closely miss the bat. Your kick misses the bat. The bat closely misses you.
You slash the bat!
You kill the bat!
Trog accepts your kill. The endoplasm closely misses you.
Items here: ( )) †††††.
You barely miss the endoplasm. You claw the endoplasm.
The endoplasm is heavily wounded.
The endoplasm freezes you.
You are frozen.
You die...

#..#.###...#.# #.#
##...........##..#
#.#..........#...###
#....#........>....>
#>.##.##.#.....#####
###
########........#
........######.#
......#.J# ..
......##@# .# ......
#.# .####
....#..#.#......
.### #..†..#
##.........
##..##.... #..# ...
#... .. #.#.. #


You could see an endoplasm.

Vanquished Creatures
  A ball python (D:1)
  2 endoplasms (D:1)
  A giant cockroach (D:1)
  A hobgoblin (D:1)
  A quokka (D:1)
  A bat (D:1)
  2 kobolds (D:1)
  A rat (D:1)
10 creatures vanquished.

Notes
Turn   | Place    | Note
-------+----------+-------------------------------------------
     0 | D:1      | jessy the Tengu Berserker began the quest for the Orb.
     0 | D:1      | Reached XP level 1. HP: 14/14 MP: 2/2
    48 | D:1      | Reached XP level 2. HP: 4/19 MP: 3/3
    60 | D:1      | Frozen to death by an endoplasm

Illustrated notes

Levels and vault maps discovered:
D:1:      minmay_arrival_jagged, layout_rooms,
          ebering_ecumenical_altar_sacrificial, serial_corexii_hall,
          chequers_hall_statues_wall_a, corexii_hall_statues_s,
          corexii_hall_statues_l, chequers_hall_statues_corner_a, minmay_tripent

Action                   || total
-------------------------++-------
Melee: Hand axe          ||    23
       Kick              ||     6
       Peck              ||     2
 Stab: Sleeping          ||     1
Armor: Animal skin       ||    13
Dodge: Dodged            ||    37
